AoeStats
← Lord_Wilfredo

Arena

509025064Analyzed
4v4 RM · 7d ago on Sep 25, 2026· 46m 36s· 8 players
Game mode
Random Map
Map size
Large (8 player)
Population
200
Speed
Normal
Resources
Standard
Victory
Conquest
Starting age
Dark Age
Ending age
Imperial Age
RankedLock teamsTeams togetherTeam positionsShared explorationLock speedFull tech treeHidden civsTurbo modeCheats
Victory
Defeat
🇨🇱 Khmer · Chile
1441
+15
🇦🇷 Khmer · Argentina
1405
+17
🇦🇷 Spanish · Argentina
1386
+17
🇭🇰 Danes · Hong Kong SAR China
1335
+19
🇦🇷 Hindustanis · Argentina
1532
-21
🇨🇷 Mapuche · Costa Rica
1530
-21
🇨🇱 Britons · Chile
1401
-17
🇦🇷 Persians · Argentina
1202
-9
happix
10:12 Feudal Age
13:12 Castle Age
11:42 Double-Bit Axe
11:40 Horse Collar
18:27 Fervor
20:16 Bow Saw
20:45 Wheelbarrow
23:37 Hand Cart
27:35 Imperial Age
26:27 Scale Barding Armor
26:33 Forging
26:25 Loom
27:57 Chain Barding Armor
27:46 Gold Mining
27:48 Stone Mining
27:41 Elite Battle Elephant
28:41 Bloodlines
28:48 Heavy Plow
29:33 Iron Casting
29:39 Plate Barding Armor
30:50 Crop Rotation
31:07 Gold Shaft Mining
30:41 Husbandry
33:25 Blast Furnace
32:09 Light Cavalry
33:38 Tusk Swords
33:59 Conscription
34:24 Capped Ram
35:39 Siege Ram
36:29 Scale Mail Armor
36:25 Pikeman
36:47 Hussar
37:07 Halberdier
39:32 Chain Mail Armor
39:34 Masonry
39:18 Elite Ballista Elephant
39:59 Double Crossbow
42:07 Hoardings
42:36 Chemistry
45:20 Architecture
45:13 Ballistics
44:46 Fletching
45:51 Stone Shaft Mining
帅气的孔
11:04 Feudal Age
13:44 Castle Age
11:51 Double-Bit Axe
13:14 Horse Collar
19:25 Wheelbarrow
20:26 Bow Saw
21:11 Heavy Plow
22:06 Hand Cart
21:59 Gold Mining
23:28 Gold Shaft Mining
23:05 Stone Mining
23:53 Loom
27:42 Imperial Age
26:21 Murder Holes
26:40 Masonry
27:10 Stone Shaft Mining
27:14 Forging
27:09 Scale Barding Armor
26:53 Town Watch
26:53 Loom
27:27 Fletching
27:38 Padded Archer Armor
28:25 Double Crossbow
28:46 Conscription
30:19 Theocracy
29:59 Redemption
31:01 Bodkin Arrow
31:21 Leather Archer Armor
31:39 Crop Rotation
31:00 Heavy Scorpion
32:45 Chemistry
32:17 Coinage
33:02 Ballistics
33:12 Architecture
33:45 Bracer
34:16 Ring Archer Armor
34:49 Siege Engineers
35:16 Banking
37:41 Scale Mail Armor
38:17 Iron Casting
37:24 Pikeman
37:51 Arson
38:57 Halberdier
41:02 Chain Mail Armor
41:07 Elite Skirmisher
41:50 Capped Ram
43:48 Hoardings
44:18 Blast Furnace
拿捏木村
10:47 Feudal Age
11:43 Double-Bit Axe
11:56 Horse Collar
14:32 Castle Age
15:47 Heavy Plow
16:01 Bow Saw
21:23 Wheelbarrow
22:29 Gold Mining
23:10 Loom
23:31 Town Watch
23:42 Stone Mining
24:41 Hand Cart
25:03 Gold Shaft Mining
25:31 Stone Shaft Mining
29:00 Imperial Age
26:56 Town Patrol
27:02 Town Patrol
27:02 Scale Mail Armor
27:01 Hamask
27:53 Forging
28:56 Gambesons
29:11 Squires
28:57 Arson
29:29 Chain Mail Armor
29:50 Iron Casting
29:01 Elite Varangian Guard
30:03 Conscription
30:51 Plate Mail Armor
31:54 Blast Furnace
34:59 Elite Jomsviking
38:35 Caravan
39:51 Onager
39:56 Northmen's Fury
40:52 Siege Engineers
41:06 Capped Ram
42:10 Siege Ram
45:07 Pikeman
45:30 Man-at-Arms
Lord_Wilfredo
10:38 Feudal Age
14:17 Castle Age
12:40 Double-Bit Axe
13:04 Horse Collar
15:08 Bow Saw
16:28 Loom
25:12 Fortified Wall
29:43 Imperial Age
27:18 Fletching
27:28 Padded Archer Armor
27:20 Elite Skirmisher
28:46 Wheelbarrow
28:02 Town Watch
29:16 Ballistics
29:03 Bodkin Arrow
29:55 Heavy Plow
31:24 Chemistry
31:49 Two-Man Saw
31:33 Conscription
31:35 Bracer
31:51 Leather Archer Armor
32:38 Thumb Ring
33:56 Hand Cart
35:41 Bombard Tower
36:47 Town Patrol
38:24 Two-Man Saw
37:21 Stone Mining
37:21 Gold Mining
38:51 Scale Barding Armor
39:16 Ring Archer Armor
38:57 Forging
38:48 Scale Mail Armor
39:34 Stone Shaft Mining
40:07 Husbandry
40:18 Bloodlines
39:29 Cavalier
42:10 Chain Barding Armor
42:25 Iron Casting
42:21 Ring Archer Armor
42:02 Paladin
45:51 Plate Barding Armor
46:18 Blast Furnace
DS_EMILIO
10:02 Feudal Age
14:21 Castle Age
12:14 Double-Bit Axe
14:35 Fletching
15:48 Loom
20:41 Gold Mining
20:34 Horse Collar
23:50 Wheelbarrow
25:04 Bodkin Arrow
25:14 Heavy Plow
28:19 Bow Saw
31:26 Imperial Age
29:50 Padded Archer Armor
30:15 Ballistics
30:51 Yeomen
30:53 Hand Cart
30:32 Crossbowman
32:09 Bracer
31:31 Arbalester
33:30 Chemistry
32:27 Stone Mining
35:49 Leather Archer Armor
39:33 Ring Archer Armor
40:00 Elite Skirmisher
DS_Exe19
11:23 Feudal Age
15:00 Castle Age
13:32 Double-Bit Axe
14:20 Horse Collar
16:02 Loom
17:47 Bow Saw
23:07 Gold Mining
25:17 Wheelbarrow
28:02 Imperial Age
25:45 Heavy Plow
26:37 Hand Cart
26:09 Town Watch
27:10 Gold Shaft Mining
26:25 Stone Mining
27:17 Masonry
28:51 Stone Shaft Mining
29:30 Chemistry
29:01 Scale Barding Armor
29:06 Forging
30:00 Crop Rotation
30:44 Two-Man Saw
30:32 Bloodlines
30:23 Husbandry
29:45 Cavalier
31:17 Savar
32:18 Chain Barding Armor
32:33 Iron Casting
33:52 Plate Barding Armor
35:22 Blast Furnace
38:39 Citadels
39:03 Architecture
38:55 Ballistics
40:42 Murder Holes
41:30 Conscription
DS_Erick307
11:32 Feudal Age
11:46 Feudal Age
13:08 Double-Bit Axe
13:05 Horse Collar
16:00 Castle Age
16:43 Heavy Plow
16:54 Bow Saw
20:48 Light Cavalry
22:46 Wheelbarrow
24:26 Hand Cart
25:29 Stone Mining
26:24 Gold Mining
29:18 Imperial Age
26:42 Gold Mining
27:31 Loom
27:32 Town Watch
28:55 Masonry
31:03 Chemistry
30:34 Siege Engineers
35:33 Padded Archer Armor
40:10 Fletching
43:51 Scale Mail Armor
44:06 Leather Archer Armor
DS_TheHeartless
11:45 Feudal Age
12:25 Double-Bit Axe
12:22 Horse Collar
15:17 Castle Age
14:17 Town Watch
16:23 Bow Saw
16:15 Heavy Plow
18:42 Wheelbarrow
24:36 Hand Cart
28:41 Imperial Age
26:34 Fletching
27:29 Treadmill Crane
29:12 Bodkin Arrow
28:45 Onager
29:34 Siege Engineers
30:04 Conscription
30:26 Elite Bolas Rider
31:21 Masonry
32:21 Ballistics
33:02 Chemistry
38:18 Gold Mining
38:59 Crop Rotation
42:25 Loom
Connection lost

Rejoining the realm…

Still unreachable

The connection could not be restored.

Session expired

The server has moved on; the page needs a fresh start.